 Dungeon Crawl Stone Soup version 0.32-a0-656-g3542139ebd (webtiles) character file.

Game seed: 16693972536000991806

3168 yetimobile the Covert (level 9, -4/42 HPs)
             Began as a Vine Stalker Brigand on Mar 8, 2024.
             Was a Follower of Uskayaw.
             Slain by a two-headed ogre
             ... wielding a +0 giant club
              (13 damage)
             ... on level 8 of the Dungeon on Mar 9, 2024.
             The game lasted 00:25:11 (6637 turns).

yetimobile the Covert (Vine Stalker Brigand)        Turns: 6637, Time: 00:25:12

Health: -4/42      AC: 10    Str: 15    XL:     9   Next: 94%
Magic:  0/25       EV: 11    Int: 11    God:    Uskayaw [*.....]
Gold:   581        SH:  0    Dex: 19    Spells: 8/8 levels left

rFire   . . .        a - +1 dagger (elec)
rCold   . . .        (no shield)
rNeg    . . .        u - +0 ring mail
rPois   .            (no helmet)
rElec   .            c - +1 cloak
rCorr   .            l - +0 pair of gloves
SInv    .            L - +1 pair of boots
Will    +....        G
                       - Hermit's Pendant {Faith Invo=14 Evo=0 MP+5}
Stlth   ++++         (no ring)
HPRegen 1.07/turn    (no ring)
MPRegen 0.19/turn

%: guardian spirit, faith
@: studying Unarmed Combat
A: fangs 3, regeneration 1, magic shield, antimagic bite, no potion heal 2
a: Renounce Religion, Stomp


You were on level 8 of the Dungeon.
You worshipped Uskayaw.
Uskayaw was noncommittal.
You visited 2 branches of the dungeon, and saw 9 of its levels.
You also visited: Ossuary.

You collected 581 gold pieces.

Inventory:

Hand Weapons
 a - a +1 dagger of electrocution (weapon)
 z - a +0 falchion of electrocution
 H - a +2 dagger
Missiles
 d - 22 poisoned darts (quivered)
 e - 7 curare-tipped darts
 B - 4 silver javelins
Armour
 c - a +1 cloak (worn)
 l - a +0 pair of gloves (worn)
 u - a +0 ring mail (worn)
 v - a +0 kite shield
 L - a +1 pair of boots (worn)
Magical Staves
 C - a staff of fire
Jewellery
 E - a +5 ring of evasion
 F - a ring of fire
 G - the Hermit's Pendant (around neck) {Faith Invo=14 Evo=0 MP+5}
   (You found it on level 6 of the Dungeon)

   [amulet of faith]

   Invo=14: It sets your Invocations skill to 14.
   Evo=0: It sets your Evocations skill to 0.
   Faith:     It allows you to gain divine favour quickly.
   MP+5:      It affects your magic capacity (+5).
 R - a ring of resist corrosion
Talismans
 f - a flux talisman
Wands
 b - a wand of warping (8)
 g - a wand of light (9)
 m - a wand of paralysis (7)
 A - a wand of flame (17)
Scrolls
 h - a scroll of torment {!r}
 i - a scroll of immolation {unknown}
 j - 4 scrolls of teleportation
 k - a scroll of revelation {unknown}
 s - a scroll of fog {unknown}
 t - a scroll of butterflies {unknown}
 w - a scroll of silence {unknown}
 y - 3 scrolls of poison {!r}
 D - 2 scrolls of amnesia {unknown}
 K - a scroll of fear {unknown}
 M - a scroll of acquirement {unknown}
Potions
 n - 6 potions of curing
 o - a potion of magic
 p - 2 potions of ambrosia
 q - 4 potions of brilliance
 r - 4 potions of might
 x - a potion of haste
 I - a potion of lignification {!q}
 J - 3 potions of attraction {!q}
 N - a potion of enlightenment {unknown}


   Skills:
 - Level 1.7 Fighting
 + Level 9.0 Short Blades
 - Level 1.7 Throwing
 + Level 2.6 Dodging
 - Level 11.0 Stealth
 - Level 4.6(14.0) Invocations


You had 8 spell levels left.
You didn't know any spells.
Your spell library contained the following spells:

 Spells                   Type           Power      Damage    Failure   Level
 Fugue of the Fallen      Necr           0%         N/A       91%         3
 Ozocubu's Armour         Ice            0%         N/A       91%         3
 Manifold Assault         Tloc           0%         N/A       100%        4


Dungeon Overview and Level Annotations

Branches:
Dungeon (8/15)             Temple (1/1) D:4         Ossuary (visited)
   Lair: D:8-11

Altars:
Ashenzari
Cheibriados
Dithmenos
Elyvilon
Fedhas
Gozag
Hepliaklqana
Kikubaaqudgha
Makhleb
Okawaru
Qazlal
Ru
Sif Muna
Trog
Uskayaw
Vehumet
Wu Jian
Xom
Yredelemnul
The Shining One

Annotations:
D:6 exclusion: 4 wights, Jeremiah
D:8 Pikel


Innate Abilities, Weirdness & Mutations

You have razor-sharp teeth.
Your natural rate of healing is unusually fast.
When hurt, damage is shared between your health and your magic reserves.
Your bite disrupts and absorbs the magic of your enemies.
Potions cannot restore your health.


Message History

The helpless howler monkey fails to defend itself.
You skewer the howler monkey like a kebab!!!!
You kill the howler monkey!
You start resting.
HP restored.
Magic restored.
You see here a killer bee corpse.
Found a stone staircase leading down.
N - a bubbling red potion
Okay, then.
You now have 581 gold pieces (gained 16).
A two-headed ogre comes into view. It is wielding two +0 giant clubs.
Found a thick jewelled staff.
The two-headed ogre shouts in stereo!
You hit the two-headed ogre but do no damage.
The two-headed ogre hits you with a +0 giant club!
The two-headed ogre hits you with a +0 giant club.
Okay, then.
You barely miss the two-headed ogre.
You hit the two-headed ogre but do no damage.
You bite the two-headed ogre! You drain its power.
You feel invigorated.
The two-headed ogre is lightly wounded.
You hit the two-headed ogre but do no damage.
Lightning courses through the two-headed ogre!
The two-headed ogre is moderately wounded.
The two-headed ogre hits you with a +0 giant club!
The two-headed ogre hits you with a +0 giant club!!
* * * LOW HITPOINT WARNING * * *
You can now pass through a line of other dancers.
Aiming: Line Pass
Press: ? - help, Dir - move target The two-headed ogre appears confused.
You can no longer pass through a line of other dancers.
You hit the two-headed ogre but do no damage.
The two-headed ogre is moderately wounded.
The two-headed ogre hits you with a +0 giant club!
* * * LOW HITPOINT WARNING * * *
The two-headed ogre hits you with a +0 giant club!
You die...
Your body falls in perfect tune with the rhythm.

#.# #.# #.# #.#
#.##########.##### #.#
#.##.............# #.#
#.......#........# #.#
#######.#........# #.#
#.....<..... #.#
###.......##
#.########### #.......#
#......Of...# #.......#
###########.#######.####
#.........# ###########


You could see a two-headed ogre (confused).

Vanquished Creatures
  Grinder (D:4)
  Sigmund (D:4)
  2 wyverns
  A water moccasin (D:5)
  3 sky beasts
  A black bear (D:7)
  An ogre (D:6)
  A lemure (D:8)
  A phantom (D:6)
  A kobold brigand (D:6)
  A bullfrog (D:8)
  7 wights (D:7)
  6 killer bees (D:8)
  5 howler monkeys
  2 jellies (D:5)
  A gnoll bouda (D:4)
  An orc priest (D:5)
  7 hounds
  A bombardier beetle (D:5)
  2 sleepcaps
  4 iguanas
  An orc wizard (D:7)
  8 mummies (Ossuary)
  8 gnolls
  9 adders
  A white imp (D:7)
  3 ufetubi (D:5)
  A dart slug (D:5)
  21 orcs
  5 endoplasms
  3 giant cockroaches
  A gnoll zombie (Ossuary)
  8 goblins
  9 hobgoblins
  2 jackals (D:2)
  6 quokkas
  6 ball pythons
  6 bats
  2 frilled lizards (D:1)
  3 hobgoblin zombies (Ossuary)
  8 kobolds
  4 kobold zombies (Ossuary)
  9 rats
174 creatures vanquished.

Notes
Turn   | Place    | Note
-------+----------+-------------------------------------------
     0 | D:1      | yetimobile the Vine Stalker Brigand began the quest for the
                  | Orb.
     0 | D:1      | Reached XP level 1. HP: 11/11 MP: 2/2
     0 | D:1      | Upgraded the game from 0.32-a0-643-ga006e7742e to
                  | 0.32-a0-656-g3542139ebd
    81 | D:1      | Reached skill level 2 in Short Blades
    81 | D:1      | Reached skill level 5 in Stealth
   232 | D:1      | Reached XP level 2. HP: 15/15 MP: 1/3
   776 | D:1      | Reached XP level 3. HP: 18/18 MP: 2/4
  1193 | D:2      | Found an ornate altar of the Wu Jian Council.
  1571 | D:3      | Found a burning altar of Makhleb.
  1606 | D:3      | Reached XP level 4. HP: 23/23 MP: 5/5
  1616 | D:3      | Reached skill level 3 in Short Blades
  1616 | D:3      | Reached skill level 6 in Stealth
  2048 | D:3      | Reached XP level 5. HP: 26/26 MP: 4/6
  2389 | D:4      | Noticed a +0 hand axe
  2389 | D:4      | Noticed a +0 hand axe
  2390 | D:4      | Found a hide-covered altar of Uskayaw.
  2394 | D:4      | Noticed Grinder
  2424 | D:4      | Killed Grinder
  2425 | D:4      | Reached skill level 4 in Short Blades
  2425 | D:4      | Reached skill level 7 in Stealth
  2425 | D:4      | Reached XP level 6. HP: 30/30 MP: 7/7
  2430 | D:4      | Became a worshipper of Uskayaw the Reveller
  2488 | D:4      | Reached * piety under Uskayaw
  2490 | D:4      | Reached ** piety under Uskayaw
  2491 | D:4      | Reached skill level 8 in Stealth
  2576 | D:4      | Noticed Sigmund
  2607 | D:4      | Found a staircase to the Ecumenical Temple.
  2627 | Temple   | Entered the Ecumenical Temple
  2644 | D:4      | Found an ancient bone altar of Kikubaaqudgha.
  2746 | D:4      | Killed Sigmund
  2747 | D:4      | Reached skill level 5 in Short Blades
  2747 | D:4      | Reached XP level 7. HP: 34/34 MP: 8/8
  2849 | D:4      | Reached *** piety under Uskayaw
  2851 | D:4      | Reached **** piety under Uskayaw
  3050 | D:5      | Entered Level 5 of the Dungeon
  3137 | D:5      | Reached skill level 1 in Invocations
  3580 | D:5      | Reached skill level 6 in Short Blades
  3580 | D:5      | Reached skill level 2 in Invocations
  3580 | D:5      | Gained mutation: You have razor-sharp teeth. [Vine Stalker
                  | growth]
  3580 | D:5      | Reached XP level 8. HP: 11/38 MP: 1/10
  3895 | D:5      | Reached skill level 3 in Invocations
  4500 | D:6      | Reached skill level 4 in Invocations
  4510 | D:6      | Noticed Jeremiah
  4625 | D:6      | Reached skill level 7 in Short Blades
  4846 | D:7      | Reached skill level 9 in Stealth
  4860 | D:7      | Reached XP level 9. HP: 15/42 MP: 4/13
  4949 | D:7      | Found a sand-covered staircase.
  4960 | Ossuary  | Entered an ossuary
  5265 | D:6      | Found the Hermit's Pendant {Faith Invo=14 Evo=0 MP+5}
  5379 | D:7      | Reached skill level 10 in Stealth
  5505 | D:7      | Reached skill level 8 in Short Blades
  5970 | D:7      | Found a stormy altar of Qazlal.
  6155 | D:8      | Noticed Pikel
  6299 | D:8      | Found a broken altar of Ashenzari.
  6312 | D:8      | Reached skill level 11 in Stealth
  6325 | D:8      | Found a sacrificial altar of Ru.
  6382 | D:8      | Reached skill level 1 in Dodging
  6505 | D:8      | Reached skill level 2 in Dodging
  6506 | D:8      | Reached ***** piety under Uskayaw
  6512 | D:8      | Reached skill level 9 in Short Blades
  6514 | D:8      | Reached ****** piety under Uskayaw
  6626 | D:8      | Noticed a two-headed ogre
  6637 | D:8      | Slain by a two-headed ogre

Illustrated notes

Levels and vault maps discovered:
D:1:      giann_horns, layout_basic, minmay_misc_feat_tiny, serial_park_tiny_2
D:2:      layout_loops_ring, basic_altar, kennysheep_boxes
D:3:      kennysheep_six_static_rooms, layout_loops_cross,
          mainiacjoe_overflow_concentric_impassable
D:4:      layout_cave_pools, dancing_weapons_uskayaw,
          mainiacjoe_overflow_brackets, minmay_temple_entry_statues_fountains,
          uniq_sigmund, uniq_grinder
D:5:      kennysheep_spiral_hall, layout_basic, minmay_manual_mullet
D:6:      layout_basic, kennysheep_generic_room_15, uniq_jeremiah
D:7:      layout_loops_ring, nicolae_qazlal_style_of_elements,
          nicolae_ossuary_entry_monument, uniq_menkaure
D:8:      layout_loops_ring, mainiacjoe_overflow_24_doors,
          mainiacjoe_overflow_cross_hatched, uniq_pikel
Temple:   nicolae_temple_god_jail

Skill      XL: |  1  2  3  4  5  6  7  8  9 |
---------------+----------------------------+-----
Short Blades   | 2 3 4 5 6 7 9 |  9.0
Stealth        | 5 6 7 8 9 11 | 11.0
Invocations    | 2 4 |  4.6
Dodging        | 2 |  2.6
Fighting       | |  1.7
Throwing       | |  1.7

Action                     |  1- 3 |  4- 6 |  7- 9 || total
---------------------------+-------+-------+-------++-------
  Melee: Dagger            |   116 |   127 |   363 ||   606
         Bite              |    31 |    30 |   107 ||   168
  Throw: Dart              |       |       |     8 ||     8
 Invoke: Line Pass         |       |       |     9 ||     9
         Stomp             |       |       |     2 ||     2
  Evoke: Wand              |       |     3 |     1 ||     4
    Use: Scroll            |     1 |     7 |     6 ||    14
         Potion            |       |       |     2 ||     2
   Stab: Sleeping          |     5 |     7 |    11 ||    23
         Paralysed         |       |     3 |    12 ||    15
         Confused          |       |       |     5 ||     5
         Distracted        |       |       |     3 ||     3
 Armour: Robe              |    78 |       |       ||    78
         Ring mail         |     6 |    66 |   179 ||   251
  Dodge: Dodged            |    63 |    53 |   112 ||   228

Table legend: (Time is in decaauts)
 A = Elapsed time spent in this place.
 B = Non-inter-level travel time spent in this place.
 C = Inter-level travel time spent in this place.
 D = Time resting spent in this place.
 E = Time spent auto-exploring this place.
 F = Levels seen in this place.
 G = Mean time per level.
                   A        B        C        D        E       F      G
               +--------+--------+--------+--------+--------+-----+--------+
         Total |   6534 |   6161 |    373 |    316 |   3961 |  10 |  653.4 |
       Dungeon |   6305 |   5932 |    373 |    316 |   3889 |   8 |  788.1 |
        Temple |      1 |      1 |      0 |      0 |      0 |   1 |    1.0 |
       Ossuary |    228 |    228 |      0 |      0 |     72 |   1 |  228.0 |
               +--------+--------+--------+--------+--------+-----+--------+

Top non-repeatable levels by time:
     D:5: 1212 daAuts
     D:7: 984 daAuts
     D:3: 857 daAuts
     D:1: 857 daAuts
     D:4: 689 daAuts
     D:2: 624 daAuts
     D:6: 584 daAuts
     D:8: 494 daAuts
 Ossuary: 228 daAuts
  Temple: 1 daAuts

Table legend: (Time is in decaauts)
 A = Elapsed time spent in this place.
 B = Non-inter-level travel time spent in this place.
 C = Inter-level travel time spent in this place.
 D = Time resting spent in this place.
 E = Time spent auto-exploring this place.
 F = Levels seen in this place.
 G = Mean time per level.
                   A        B        C        D        E       F      G
               +--------+--------+--------+--------+--------+-----+--------+
         Total |   6534 |   6161 |    373 |    316 |   3961 |  10 |  653.4 |
       Dungeon |   6305 |   5932 |    373 |    316 |   3889 |   8 |  788.1 |
        Temple |      1 |      1 |      0 |      0 |      0 |   1 |    1.0 |
       Ossuary |    228 |    228 |      0 |      0 |     72 |   1 |  228.0 |
               +--------+--------+--------+--------+--------+-----+--------+

Top non-repeatable levels by time:
     D:5: 1212 daAuts
     D:7: 984 daAuts
     D:3: 857 daAuts
     D:1: 857 daAuts
     D:4: 689 daAuts
     D:2: 624 daAuts
     D:6: 584 daAuts
     D:8: 494 daAuts
 Ossuary: 228 daAuts
  Temple: 1 daAuts

Table legend:
 A = Kills in this place as a percentage of kills in the entire game.
 B = Kills by you in this place as a percentage of kills by you in the entire game.
 C = Kills by friends in this place as a percentage of kills by friends in the entire game.
 D = Other kills in this place as a percentage of other kills in the entire game.
 E = Experience gained in this place as a percentage of experience gained in the entire game.
 F = Experience gained in this place divided by the number of levels of this place that you have seen.
                   A       B       C       D       E      F
               +-------+-------+-------+-------+-------+----------------------
         Total | 100.0 | 100.0 |   N/A |   N/A | 100.0 | 452.6
       Dungeon |  90.8 |  90.8 |   N/A |   N/A |  96.4 | 545.5
       Ossuary |   9.2 |   9.2 |   N/A |   N/A |   3.6 | 162.0
               +-------+-------+-------+-------+-------+----------------------

Levels and vault maps discovered:
D:1:      giann_horns, layout_basic, minmay_misc_feat_tiny, serial_park_tiny_2
D:2:      layout_loops_ring, basic_altar, kennysheep_boxes
D:3:      kennysheep_six_static_rooms, layout_loops_cross,
          mainiacjoe_overflow_concentric_impassable
D:4:      layout_cave_pools, dancing_weapons_uskayaw,
          mainiacjoe_overflow_brackets, minmay_temple_entry_statues_fountains,
          uniq_sigmund, uniq_grinder
D:5:      kennysheep_spiral_hall, layout_basic, minmay_manual_mullet
D:6:      layout_basic, kennysheep_generic_room_15, uniq_jeremiah
D:7:      layout_loops_ring, nicolae_qazlal_style_of_elements,
          nicolae_ossuary_entry_monument, uniq_menkaure
D:8:      layout_loops_ring, mainiacjoe_overflow_24_doors,
          mainiacjoe_overflow_cross_hatched, uniq_pikel
Temple:   nicolae_temple_god_jail

Action                     |  1- 3 |  4- 6 |  7- 9 || total
---------------------------+-------+-------+-------++-------
  Melee: Dagger            |   116 |   127 |   363 ||   606
         Bite              |    31 |    30 |   107 ||   168
  Throw: Dart              |       |       |     8 ||     8
 Invoke: Line Pass         |       |       |     9 ||     9
         Stomp             |       |       |     2 ||     2
  Evoke: Wand              |       |     3 |     1 ||     4
    Use: Scroll            |     1 |     7 |     6 ||    14
         Potion            |       |       |     2 ||     2
   Stab: Sleeping          |     5 |     7 |    11 ||    23
         Paralysed         |       |     3 |    12 ||    15
         Confused          |       |       |     5 ||     5
         Distracted        |       |       |     3 ||     3
 Armour: Robe              |    78 |       |       ||    78
         Ring mail         |     6 |    66 |   179 ||   251
  Dodge: Dodged            |    63 |    53 |   112 ||   228
